 Dungeon Crawl Stone Soup version 0.21-a0-401-g0b6bec4 (webtiles) character file.

52 TheDeThijs the Cudgeler (level 3, 34/34 HPs)
             Began as a Minotaur Berserker on Jan 7, 2016.
             Was a Believer of Trog.
             Quit the game on level 2 of the Dungeon on Oct 24, 2017.
             The game lasted 00:10:47 (1437 turns).

TheDeThijs the Cudgeler (Minotaur Berserker)        Turns: 1437, Time: 00:10:48

Health: 34/34      AC:  2    Str: 22    XL:     3   Next: 60%
Magic:  2/2        EV: 12    Int:  4    God:    Trog [**....]
Gold:   98         SH:  0    Dex:  9    Spells: 2/2 levels left

rFire    . . .     SeeInvis .   a - +0 mace
rCold    . . .     Gourm    .   (no shield)
rNeg     . . .     Faith    .   b - +0 animal skin
rPois    .         Spirit   .   (helmet restricted)
rElec    .         Reflect  .   (no cloak)
rCorr    .         Harm     .   (no gloves)
MR       .....                  (no boots)
Stlth    +.........             (no amulet)
HPRegen  0.11/turn              (no ring)
MPRegen  0.08/turn              (no ring)

@: very slightly contaminated
A: retaliatory headbutt, horns 2
a: Berserk, Trog's Hand, Burn Spellbooks, Renounce Religion


You were on level 2 of the Dungeon.
You worshipped Trog.
Trog was pleased with you.
You were hungry.

You visited 1 branch of the dungeon, and saw 2 of its levels.

You collected 98 gold pieces.

Inventory:

Hand Weapons
 a - a +0 mace (weapon)
Armour
 b - a +0 animal skin (worn)
 h - a +0 chain mail
 i - a +0 ring mail
 j - a +0 ring mail
 k - a +0 leather armour
Scrolls
 d - a scroll of random uselessness {unknown}
 g - a scroll of recharging {unknown}
 l - a scroll of remove curse {unknown}
 n - a scroll of fear {unknown}
Potions
 e - a potion of cancellation {unknown}
 f - a potion of resistance {unknown}
 m - a potion of degeneration {unknown}
Comestibles
 c - 2 bread rations


   Skills:
 + Level 4.4 Fighting
 + Level 4.5 Maces & Flails
 + Level 2.4 Armour
 + Level 2.7 Dodging


You had 2 spell levels left.
You didn't know any spells.

Dungeon Overview and Level Annotations

Branches:
Dungeon (2/15)

Altars:


Innate Abilities, Weirdness & Mutations

You reflexively headbutt those who attack you in melee.
You have a pair of horns on your head.


Message History

j - a ring mail Inscribe with what? h
Okay, then.
You start waiting.
You are feeling hungry.
You start waiting.
You start waiting.
You found a shaft!
There is a shaft here.
You open the door.
There is an open door here.
You now have 82 gold pieces (gained 13).
You now have 98 gold pieces (gained 16).
Your extra speed is starting to run out.
You feel yourself slow down.
e - an orange potion Welcome back, TheDeThijs the Minotaur Berserker.
Trog says: Kill them all!
Press ? for a list of commands and other information.
Are you sure you want to abandon this character and quit the game? (Confirm with "yes".)

.# #.###### # .#
#)##########.#
.#########............#.#
.......................?.
.##........######.##.....
.##.######.# #.........
.##.#### #.# #..##.####
.......# #.# #..# #
.##.##)# #.# #@.#
.##.##.###.# #..#
.##.##..##.## #..#
............# #..#
.##.###.##### #..# .##.#
#.## #..# ###.# #..# #...
#.# ##.## ##.. #.# #..#


There were no monsters in sight!

Vanquished Creatures
  Ijyb (D:2)
  8 goblins
  2 hobgoblins (D:1)
  2 jackals (D:2)
  A quokka (D:2)
  A ball python (D:1)
  3 bats (D:1)
  A frilled lizard (D:1)
  5 kobolds
  2 rats
26 creatures vanquished.

Notes
Turn   | Place    | Note
-------+----------+-------------------------------------------
     0 | D:1      | TheDeThijs the Minotaur Berserker began the quest for the Orb.
     0 | D:1      | Reached XP level 1. HP: 19/19 MP: 0/0
    39 | D:1      | Upgraded the game from 0.18-a0-1024-gf1736fb to 0.18-a0-1088-g34ef3a2
   303 | D:1      | Reached XP level 2. HP: 25/27 MP: 1/1
   883 | D:2      | Reached ** piety under Trog
  1117 | D:2      | Noticed Ijyb
  1136 | D:2      | Killed Ijyb
  1136 | D:2      | Reached XP level 3. HP: 12/34 MP: 2/2
  1437 | D:2      | Upgraded the game from 0.18-a0-1088-g34ef3a2 to 0.21-a0-401-g0b6bec4
  1437 | D:2      | Quit the game

Vault maps used:
D:1:      dpeg_arrival_three_same_balls
D:2:      makhleb_altar_promises_db, uniq_iyjb

Skill      XL: |  1 |
---------------+----+-----
Fighting       | 4 |  4.4
Maces & Flails | |  4.5
Armour         | |  2.4
Dodging        | |  2.7

Action                   || total
-------------------------++-------
Melee: Mace              ||    60
  Use: Potion            ||     1
 Stab: Sleeping          ||     1
  Eat: Chunk             ||     1

Table legend:
 A = Spawn XP
 B = Non-spawn XP
 C = Spawn XP percentage of total XP
 D = Spawn monster count
 E = Non-spawn monster count
 F = Spawn count percentage of total count
 G = Total turns spent on level
                    A         B        C        D         E        F      G
               +---------+---------+-------+---------+---------+-------+---------
         Total |       0 |       0 |   N/A |       0 |       0 |   N/A |     0
               +---------+---------+-------+---------+---------+-------+---------
               +---------+---------+-------+---------+---------+-------+---------
